 Dungeon Crawl Stone Soup version 0.22-a0-157-g169b76a (webtiles) character file.

203 KristoblXynda the Chopper (level 5, 0/45 HPs)
             Began as a Deep Dwarf Gladiator on Feb 8, 2018.
             Slain by Sigmund
             ... wielding a +0 scythe
              (6 damage)
             ... on level 3 of the Dungeon.
             The game lasted 00:04:51 (2733 turns).

KristoblXynda the Chopper (Deep Dwarf Gladiator)    Turns: 2733, Time: 00:04:52

Health: 0/45       AC:  7    Str: 17    XL:     5   Next: 51%
Magic:  5/5        EV: 13    Int: 15    God:
Gold:   92         SH:  0    Dex: 16    Spells: 4/4 levels left

rFire    . . .     SeeInvis .   a - +0 war axe
rCold    . . .     Gourm    .   (no shield)
rNeg     . . .     Faith    .   k - +0 ring mail
rPois    .         Spirit   .   c - +1 helmet
rElec    .         Reflect  .   (no cloak)
rCorr    .         Harm     .   (no gloves)
MR       .....                  (no boots)
Stlth    ..........             i - amulet of rage
HPRegen  0.00/turn              l - ring of loudness (curse)
MPRegen  0.09/turn              (no ring)

@: brilliant, berserk cooldown, non-regenerating, slowed, very slow
A: damage resistance, heal wounds, agile 1, blurry vision 1, sense surroundings
1, no regeneration
a: Heal Wounds, Evoke Berserk Rage


You were on level 3 of the Dungeon.
You were near starving.

You visited 1 branch of the dungeon, and saw 3 of its levels.

You collected 92 gold pieces.

Inventory:

Hand Weapons
 a - a +0 war axe (weapon)
Missiles
 d - 3 throwing nets (quivered)
Armour
 c - a +1 helmet (worn)
 k - a +0 ring mail (worn)
Jewellery
 i - an amulet of rage (around neck)
 l - a cursed ring of loudness (left hand)
Wands
 p - a wand of enslavement (10)
Scrolls
 h - 2 scrolls of blinking
 o - a scroll of identify {unknown}
Potions
 b - a potion of invisibility {unknown}
 e - a potion of mutation
 j - a potion of curing {unknown}
 m - a potion of degeneration {unknown}
 n - a potion of haste {unknown}
Comestibles
 f - 7 rations
 q - a chunk of flesh


   Skills:
 - Level 1.7 Fighting
 * Level 5.2 Axes
 - Level 2.1 Throwing
 + Level 2.4 Armour
 + Level 4.5 Dodging


You had 4 spell levels left.
You didn't know any spells.

Dungeon Overview and Level Annotations

Branches:
Dungeon (3/15)

Altars:
Ashenzari
Dithmenos
Fedhas
Ru
Uskayaw
Xom
The Shining One

Annotations:
D:3 Sigmund


Innate Abilities, Weirdness & Mutations

You are resistant to damage.
You can heal yourself by infusing magical energy.
You passively map a small area around you.
You do not regenerate.
You are agile. (Dex +2)
Scrolls take you a little longer to read.


Message History

Something hits you!
* * * LOW HITPOINT WARNING * * *
You closely miss something. You closely miss something. Something hits you.
* * * LOW HITPOINT WARNING * * *
You barely miss something.
You are near starving!
Something hits you.
* * * LOW HITPOINT WARNING * * *
You closely miss something. You miss something. You closely miss the adder.
The adder barely misses you. Something hits you but does no damage.
Unknown command.
You miss something. You barely miss the adder.
You are no longer berserk.
You are exhausted.
You feel yourself slow down. The adder closely misses you.
Unknown command.
Something hits you!
You die...

.................### ##.#####
##.##.#####.##...[.# #..(....
#..(.#
##.##.#.#.#######.#####.
####.#
#...................###.
#.#.....##.#.#.#########.....
#.#.##.###.....# #.+### #.#,
#. ###.### #.#... #.# #. #.#
* ### #.#... #.# *#. #@# ..#
###... * ##.#####S#, #.# ###.
*, ........{#,* #.# ###..)
##.........# #.# #.#... *
....######## #.####.#... ,...
,, #......'### * # * ,
#.###.....# #.# ########.#
####### , * #.## #.....##.#


You could see an adder.

Vanquished Creatures
  An orc wizard (D:3)
  Ijyb (D:3)
  8 adders
  A worm (D:2)
  4 leopard geckos
  3 ball pythons
  4 giant cockroaches
  4 goblins
  7 hobgoblins
  6 jackals
  4 kobolds
  2 quokkas
  9 bats
  6 frilled lizards
  11 rats
71 creatures vanquished.

Notes
Turn   | Place    | Note
-------+----------+-------------------------------------------
     0 | D:1      | KristoblXynda the Deep Dwarf Gladiator began the quest for the Orb.
     0 | D:1      | Reached XP level 1. HP: 19/19 MP: 1/1
   207 | D:1      | Reached XP level 2. HP: 19/26 MP: 2/2
   788 | D:2      | Reached XP level 3. HP: 19/32 MP: 3/3
   898 | D:2      | Found a shattered altar of Ashenzari.
   972 | D:2      | Reached skill level 4 in Axes
  1046 | D:2      | Reached skill level 1 in Armour
  1363 | D:2      | HP: 1/32 [worm (8)]
  1364 | D:2      | Reached XP level 4. HP: 2/39 MP: 4/4
  1692 | D:2      | Found a blossoming altar of Fedhas.
  1696 | D:2      | Found a shadowy altar of Dithmenos.
  1701 | D:2      | Found a glowing golden altar of the Shining One.
  2035 | D:3      | Noticed Ijyb
  2048 | D:3      | Killed Ijyb
  2107 | D:3      | Found a sacrificial altar of Ru.
  2120 | D:3      | Reached XP level 5. HP: 32/45 MP: 5/5
  2126 | D:3      | Reached skill level 5 in Axes
  2163 | D:3      | Found a shimmering altar of Xom.
  2645 | D:3      | Found a hide-covered altar of Uskayaw.
  2709 | D:3      | Noticed Sigmund
  2715 | D:3      | Gained mutation: Scrolls take you a little longer to read. [potion of mutation]
  2715 | D:3      | Gained mutation: You are agile. (Dex +2) [potion of mutation]
  2733 | D:3      | Slain by Sigmund

Vault maps used:
D:1:      tarquinn_simple_flora_water_d
D:2:      evilmike_ruin_ashenzari, grunt_temple_overflow_diamond
D:3:      xom_butterflies, nicolae_ru_great_annihilating_truth,
          eat_drink_and_be_merry_uskayaw, first_ration, uniq_ijyb, uniq_sigmund

Skill      XL: |  1  2  3  4  5 |
---------------+----------------+-----
Throwing       | 2 |  2.1
Axes           | 4 5 |  5.2
Armour         | 1 2 |  2.4
Dodging        | 4 |  4.5
Fighting       | |  1.7

Action                   |  1- 3 |  4- 6 || total
-------------------------+-------+-------++-------
Melee: War axe           |    94 |   149 ||   243
 Abil: Evoke Berserk Rag |       |     2 ||     2
       Heal Wounds       |       |     1 ||     1
  Use: Scroll            |     3 |     1 ||     4
       Potion            |       |     2 ||     2
 Stab: Paralysed         |       |     1 ||     1
  Eat: Chunk             |     1 |     2 ||     3
       Ration            |       |     1 ||     1
Armor: Leather armour    |    32 |       ||    32
       Ring mail         |       |    53 ||    53
Dodge: Dodged            |    81 |   110 ||   191

Table legend:
 A = Spawn XP
 B = Non-spawn XP
 C = Spawn XP percentage of total XP
 D = Spawn monster count
 E = Non-spawn monster count
 F = Spawn count percentage of total count
 G = Total turns spent on level
                    A         B        C        D         E        F      G
               +---------+---------+-------+---------+---------+-------+---------
         Total |       0 |     291 |   0.0 |       0 |      71 |   0.0 |  2733
               +---------+---------+-------+---------+---------+-------+---------
           D:1 |       0 |      23 |   0.0 |       0 |      15 |   0.0 |   590
           D:2 |       0 |      97 |   0.0 |       0 |      27 |   0.0 |  1419
           D:3 |       0 |     171 |   0.0 |       0 |      29 |   0.0 |   724
               +---------+---------+-------+---------+---------+-------+---------
